3093 views
Uploaded 2020-02-07 23:42:05
Game version 1.32 / 1.32.1
29:06 long 3on3 ladder game on (6)BloodstoneMesa_LV
Saved by BEARAND
3093 views
Uploaded 2020-02-07 23:42:05
Game version 1.32 / 1.32.1
29:06 long 3on3 ladder game on (6)BloodstoneMesa_LV


67 units @ 5.1k
/ 0.2k
280 buildings @ 22.2k
/ 11.9k


| Healing Salve | 1 | 100 |
| Lesser Clarity Potion | 1 | 70 |
| Orb of Lightning | 2 | 750 |
| Boots of Speed | 2 | 500 |
| Staff of Teleportation | 2 | 300 |
| Periapt of Vitality | 1 | 325 |
| Staff of Sanctuary | 2 | 500 |
| total: | 11 | 2545g |
| Peon | 15 | 1125 | / | 0 |
| Troll Batrider | 5 | 800 | / | 200 |
| total: | 20 | 1925g | / | 200w |
| Watch Tower | 65 | 7150 | / | 5200 |
| Altar of Storms | 2 | 360 | / | 100 |
| Orc Burrow | 3 | 480 | / | 120 |
| War Mill | 1 | 205 | / | 0 |
| Voodoo Lounge | 4 | 520 | / | 120 |
| Great Hall | 2 | 770 | / | 370 |
| Beastiary | 4 | 580 | / | 560 |
| Stronghold | 1 | 315 | / | 190 |
| Fortress | 1 | 325 | / | 190 |
| total: | 81 | 10065g | / | 6470w |
| 0:02 | Peon |
| 0:02 | Peon |
| 0:05 | Altar of Storms |
| 0:18 | Orc Burrow |
| 0:21 | Peon |
| 0:33 | War Mill |
| 0:36 | Peon |
| 0:59 | Peon |
| 1:05 | Voodoo Lounge |
| 1:11 | Peon |
| 1:25 | Orc Burrow |
| 1:29 | Peon |
| 1:37 | Peon |
| 1:57 | Peon |
| 2:00 | Watch Tower |
| 2:05 | Wind Walk |
| 2:09 | Peon |
| 2:14 | Healing Salve |
| 2:20 | Peon |
| 2:33 | Watch Tower |
| 2:49 | Peon |
| 2:51 | Watch Tower |
| 3:27 | Stronghold |
| 3:42 | Watch Tower |
| 4:06 | Watch Tower |
| 4:10 | Voodoo Lounge |
| 4:12 | Voodoo Lounge |
| 4:19 | Boots of Speed |
| 4:32 | Staff of Teleportation |
| 4:55 | Watch Tower |
| 5:21 | Watch Tower |
| 5:34 | Orc Burrow |
| 5:50 | Critical Strike |
| 6:30 | Beastiary |
| 6:36 | Reinforced Defenses |
| 6:38 | Beastiary |
| 6:43 | Lesser Clarity Potion |
| 6:49 | Voodoo Lounge |
| 7:01 | Hex |
| 7:24 | Great Hall |
| 7:50 | Watch Tower |
| 7:52 | Watch Tower |
| 7:57 | Watch Tower |
| 7:59 | Watch Tower |
| 8:40 | Fortress |
| 8:54 | Watch Tower |
| 8:57 | Watch Tower |
| 9:06 | Watch Tower |
| 9:36 | Troll Batrider |
| 9:57 | Watch Tower |
| 10:00 | Watch Tower |
| 10:05 | Watch Tower |
| 10:15 | Peon |
| 10:21 | Healing Wave |
| 10:26 | Watch Tower |
| 10:29 | Peon |
| 10:30 | Peon |
| 10:54 | Watch Tower |
| 10:57 | Troll Batrider |
| 10:59 | Watch Tower |
| 11:03 | Liquid Fire |
| 11:05 | Watch Tower |
| 11:34 | Watch Tower |
| 11:36 | Watch Tower |
| 11:40 | Beastiary |
| 11:44 | Beastiary |
| 12:09 | Boots of Speed |
| 12:35 | Watch Tower |
| 12:56 | Wind Walk |
| 13:26 | Troll Batrider |
| 13:38 | Orb of Lightning |
| 13:45 | Watch Tower |
| 13:46 | Watch Tower |
| 13:47 | Troll Batrider |
| 14:10 | Steel Ranged Weapons |
| 14:24 | Staff of Teleportation |
| 14:24 | Periapt of Vitality |
| 14:31 | Troll Batrider |
| 15:00 | Watch Tower |
| 15:02 | Watch Tower |
| 16:04 | Watch Tower |
| 16:08 | Watch Tower |
| 17:21 | Orb of Lightning |
| 17:48 | Watch Tower |
| 17:49 | Watch Tower |
| 17:51 | Watch Tower |
| 17:53 | Watch Tower |
| 18:07 | Thorium Ranged Weapons |
| 18:07 | Steel Armor |
| 19:00 | Watch Tower |
| 19:01 | Watch Tower |
| 19:03 | Watch Tower |
| 19:05 | Watch Tower |
| 19:45 | Healing Wave |
| 20:04 | Great Hall |
| 20:06 | Watch Tower |
| 20:16 | Watch Tower |
| 20:18 | Watch Tower |
| 20:53 | Arcanite Ranged Weapons |
| 20:57 | Staff of Sanctuary |
| 21:05 | Watch Tower |
| 21:07 | Watch Tower |
| 21:08 | Watch Tower |
| 21:14 | Watch Tower |
| 21:20 | Watch Tower |
| 21:21 | Watch Tower |
| 22:07 | Staff of Sanctuary |
| 22:37 | Critical Strike |
| 22:43 | Watch Tower |
| 22:44 | Watch Tower |
| 22:46 | Watch Tower |
| 23:05 | Watch Tower |
| 24:27 | Watch Tower |
| 24:28 | Watch Tower |
| 24:31 | Watch Tower |
| 25:40 | Altar of Storms |
| 25:48 | Watch Tower |
| 25:49 | Watch Tower |
| 25:51 | Watch Tower |
| 25:54 | Watch Tower |
| 26:22 | Watch Tower |
| 27:01 | Watch Tower |
| 27:19 | Watch Tower |
| 27:22 | Watch Tower |
| 28:24 | Watch Tower |
| 28:26 | Watch Tower |
| 28:32 | Watch Tower |
| 28:39 | Thorium Armor |
| Right click | 1847 |
| Select | 463 |
| Select group | 387 |
| Misc. action | 139 |
| Build/train/purchase | 85 |
| Use ability | 45 |
| Assign group | 13 |
| Minimap ping | 7 |
| Item give/drop | 5 |
| Esc | 3 |



| Orb of Venom | 1 | 325 |
| Lesser Clarity Potion | 1 | 70 |
| Staff of Teleportation | 3 | 450 |
| Boots of Speed | 4 | 1000 |
| Circlet of Nobility | 6 | 1050 |
| Healing Salve | 1 | 100 |
| Staff of Sanctuary | 3 | 750 |
| total: | 19 | 3745g |
| Wisp | 25 | 1500 | / | 0 |
| total: | 25 | 1500g | / | 0w |
| Altar of Elders | 1 | 180 | / | 50 |
| Moon Well | 23 | 4140 | / | 920 |
| Hunter's Hall | 1 | 210 | / | 100 |
| Ancient of Wonders | 1 | 90 | / | 30 |
| Tree of Life | 2 | 680 | / | 370 |
| Tree of Ages | 2 | 640 | / | 360 |
| Tree of Eternity | 1 | 330 | / | 200 |
| total: | 28 | 5300g | / | 1470w |
| 0:04 | Wisp |
| 0:06 | Altar of Elders |
| 0:19 | Moon Well |
| 0:20 | Wisp |
| 0:20 | Wisp |
| 0:30 | Wisp |
| 0:50 | Moon Well |
| 0:53 | Wisp |
| 1:04 | Wisp |
| 1:18 | Wisp |
| 1:18 | Wisp |
| 1:55 | Wisp |
| 1:55 | Wisp |
| 1:55 | Wisp |
| 1:55 | Wisp |
| 2:08 | Entangling Roots |
| 2:12 | Wisp |
| 2:13 | Wisp |
| 3:06 | Wisp |
| 3:06 | Wisp |
| 3:57 | Tree of Ages |
| 4:05 | Staff of Teleportation |
| 4:05 | Boots of Speed |
| 4:05 | Circlet of Nobility |
| 4:13 | Moon Well |
| 5:38 | Moon Well |
| 5:39 | Moon Well |
| 6:55 | Tree of Eternity |
| 7:00 | Hunter's Hall |
| 7:21 | Thorns Aura |
| 7:22 | Trueshot Aura |
| 7:32 | Moon Well |
| 7:34 | Moon Well |
| 8:12 | Ultravision |
| 8:45 | Staff of Teleportation |
| 8:45 | Boots of Speed |
| 8:53 | Boots of Speed |
| 9:14 | Ancient of Wonders |
| 9:39 | Frost Arrows |
| 9:47 | Well Spring |
| 10:19 | Tree of Life |
| 10:47 | Orb of Venom |
| 11:06 | Moon Well |
| 11:14 | Searing Arrows |
| 11:24 | Moon Well |
| 11:26 | Healing Salve |
| 11:36 | Staff of Sanctuary |
| 11:45 | Wisp |
| 11:46 | Wisp |
| 11:46 | Wisp |
| 11:46 | Wisp |
| 11:59 | Staff of Teleportation |
| 12:40 | Moon Well |
| 12:43 | Moon Well |
| 13:20 | Entangling Roots |
| 13:21 | Mana Shield |
| 13:41 | Moon Well |
| 13:43 | Wisp |
| 13:43 | Wisp |
| 13:44 | Wisp |
| 13:44 | Wisp |
| 13:45 | Wisp |
| 14:06 | Circlet of Nobility |
| 14:08 | Boots of Speed |
| 14:48 | Lesser Clarity Potion |
| 14:51 | Staff of Sanctuary |
| 14:56 | Staff of Sanctuary |
| 17:22 | Circlet of Nobility |
| 17:37 | Moon Well |
| 17:44 | Circlet of Nobility |
| 17:50 | Circlet of Nobility |
| 20:00 | Trueshot Aura |
| 20:35 | Moon Well |
| 20:35 | Moon Well |
| 20:56 | Circlet of Nobility |
| 21:37 | Tree of Life |
| 22:25 | Frost Arrows |
| 23:52 | Thorns Aura |
| 25:00 | Moon Well |
| 25:01 | Moon Well |
| 25:04 | Moon Well |
| 25:04 | Moon Well |
| 25:06 | Moon Well |
| 25:53 | Nature's Blessing |
| 26:21 | Moon Well |
| 26:27 | Moon Well |
| 26:31 | Moon Well |
| 27:35 | Searing Arrows |
| 28:21 | Mana Shield |
| Right click | 1720 |
| Select group | 1083 |
| Select | 257 |
| Resource trade | 185 |
| Build/train/purchase | 86 |
| Misc. action | 79 |
| Use ability | 72 |
| Minimap ping | 30 |
| Assign group | 6 |
| Item give/drop | 5 |
| Esc | 3 |



| Staff of Sanctuary | 3 | 750 |
| Potion of Healing | 4 | 600 |
| Staff of Teleportation | 3 | 450 |
| Boots of Speed | 4 | 1000 |
| Periapt of Vitality | 1 | 325 |
| Healing Salve | 3 | 300 |
| Orb of Lightning | 2 | 750 |
| total: | 20 | 4175g |
| Peasant | 21 | 1575 | / | 0 |
| Priest | 1 | 135 | / | 10 |
| total: | 22 | 1710g | / | 10w |
| Scout Tower | 158 | 4740 | / | 3160 |
| Arcane Tower | 10 | 700 | / | 500 |
| Guard Tower | 84 | 5880 | / | 4200 |
| Altar of Kings | 1 | 180 | / | 50 |
| Farm | 4 | 320 | / | 80 |
| Lumber Mill | 1 | 120 | / | 0 |
| Town Hall | 2 | 770 | / | 410 |
| Arcane Vault | 4 | 520 | / | 120 |
| Arcane Sanctum | 1 | 150 | / | 140 |
| Keep | 2 | 640 | / | 420 |
| Castle | 1 | 360 | / | 210 |
| total: | 171 | 6800g | / | 3960w |
| 0:01 | Peasant |
| 0:02 | Peasant |
| 0:08 | Altar of Kings |
| 0:14 | Peasant |
| 0:18 | Farm |
| 0:21 | Peasant |
| 0:28 | Farm |
| 0:52 | Peasant |
| 1:05 | Lumber Mill |
| 1:12 | Peasant |
| 1:18 | Scout Tower |
| 1:20 | Scout Tower |
| 1:23 | Scout Tower |
| 1:32 | Peasant |
| 1:44 | Peasant |
| 1:44 | Peasant |
| 1:44 | Arcane Tower |
| 1:52 | Peasant |
| 1:55 | Scout Tower |
| 1:55 | Scout Tower |
| 2:06 | Blizzard |
| 2:15 | Guard Tower |
| 2:18 | Scout Tower |
| 2:31 | Guard Tower |
| 2:34 | Scout Tower |
| 2:34 | Scout Tower |
| 2:36 | Scout Tower |
| 2:50 | Guard Tower |
| 2:51 | Scout Tower |
| 2:52 | Scout Tower |
| 2:53 | Improved Masonry |
| 2:54 | Peasant |
| 2:54 | Peasant |
| 2:55 | Peasant |
| 2:55 | Peasant |
| 2:59 | Scout Tower |
| 3:00 | Guard Tower |
| 3:01 | Guard Tower |
| 3:03 | Scout Tower |
| 3:04 | Scout Tower |
| 3:04 | Scout Tower |
| 3:04 | Scout Tower |
| 3:16 | Scout Tower |
| 3:16 | Scout Tower |
| 3:17 | Scout Tower |
| 3:19 | Guard Tower |
| 3:20 | Scout Tower |
| 3:21 | Scout Tower |
| 3:21 | Scout Tower |
| 3:48 | Guard Tower |
| 3:55 | Keep |
| 4:09 | Healing Salve |
| 4:18 | Guard Tower |
| 4:21 | Guard Tower |
| 4:37 | Staff of Teleportation |
| 4:42 | Boots of Speed |
| 4:42 | Boots of Speed |
| 5:30 | Guard Tower |
| 5:34 | Guard Tower |
| 5:41 | Brilliance Aura |
| 5:45 | Farm |
| 5:46 | Farm |
| 6:50 | Brilliance Aura |
| 6:59 | Town Hall |
| 7:04 | Scout Tower |
| 7:04 | Scout Tower |
| 7:05 | Scout Tower |
| 7:05 | Scout Tower |
| 7:06 | Scout Tower |
| 7:06 | Scout Tower |
| 7:07 | Scout Tower |
| 7:07 | Scout Tower |
| 7:07 | Scout Tower |
| 7:08 | Scout Tower |
| 7:08 | Scout Tower |
| 7:09 | Scout Tower |
| 7:38 | Arcane Tower |
| 8:03 | Scout Tower |
| 8:04 | Scout Tower |
| 8:05 | Scout Tower |
| 8:05 | Scout Tower |
| 8:06 | Scout Tower |
| 8:06 | Scout Tower |
| 8:06 | Scout Tower |
| 8:26 | Scout Tower |
| 8:26 | Scout Tower |
| 8:27 | Scout Tower |
| 8:27 | Scout Tower |
| 8:28 | Scout Tower |
| 8:35 | Healing Salve |
| 8:49 | Castle |
| 8:50 | Peasant |
| 8:50 | Peasant |
| 8:51 | Peasant |
| 8:56 | Guard Tower |
| 8:57 | Guard Tower |
| 9:37 | Guard Tower |
| 9:37 | Guard Tower |
| 9:40 | Bash |
| 9:53 | Arcane Vault |
| 9:54 | Arcane Vault |
| 10:00 | Arcane Sanctum |
| 10:07 | Arcane Vault |
| 10:34 | Guard Tower |
| 10:45 | Guard Tower |
| 10:51 | Arcane Vault |
| 10:53 | Healing Salve |
| 10:59 | Guard Tower |
| 11:22 | Staff of Sanctuary |
| 11:32 | Staff of Teleportation |
| 11:32 | Boots of Speed |
| 11:39 | Magic Sentry |
| 11:39 | Priest |
| 11:52 | Guard Tower |
| 11:54 | Scout Tower |
| 11:55 | Scout Tower |
| 11:55 | Scout Tower |
| 11:56 | Scout Tower |
| 11:56 | Scout Tower |
| 11:56 | Scout Tower |
| 11:57 | Scout Tower |
| 11:57 | Scout Tower |
| 12:09 | Holy Light |
| 12:15 | Staff of Sanctuary |
| 12:54 | Storm Bolt |
| 13:46 | Scout Tower |
| 13:47 | Scout Tower |
| 13:49 | Scout Tower |
| 13:50 | Scout Tower |
| 13:51 | Scout Tower |
| 13:51 | Scout Tower |
| 13:52 | Scout Tower |
| 13:53 | Scout Tower |
| 13:57 | Scout Tower |
| 13:58 | Scout Tower |
| 13:58 | Scout Tower |
| 13:58 | Scout Tower |
| 14:00 | Scout Tower |
| 14:00 | Scout Tower |
| 14:01 | Scout Tower |
| 14:01 | Scout Tower |
| 14:02 | Scout Tower |
| 14:03 | Scout Tower |
| 14:03 | Scout Tower |
| 14:04 | Scout Tower |
| 14:08 | Orb of Lightning |
| 14:26 | Guard Tower |
| 14:26 | Guard Tower |
| 14:27 | Guard Tower |
| 14:27 | Guard Tower |
| 14:57 | Guard Tower |
| 15:04 | Peasant |
| 15:04 | Peasant |
| 15:05 | Peasant |
| 15:16 | Guard Tower |
| 16:13 | Potion of Healing |
| 16:13 | Potion of Healing |
| 16:15 | Boots of Speed |
| 16:19 | Potion of Healing |
| 16:27 | Staff of Teleportation |
| 17:11 | Guard Tower |
| 17:15 | Scout Tower |
| 17:17 | Scout Tower |
| 17:17 | Scout Tower |
| 17:18 | Scout Tower |
| 17:18 | Scout Tower |
| 17:21 | Guard Tower |
| 17:45 | Town Hall |
| 17:47 | Scout Tower |
| 17:47 | Scout Tower |
| 17:48 | Scout Tower |
| 17:48 | Scout Tower |
| 17:49 | Scout Tower |
| 17:49 | Scout Tower |
| 17:50 | Scout Tower |
| 17:50 | Scout Tower |
| 17:50 | Scout Tower |
| 17:51 | Scout Tower |
| 17:51 | Scout Tower |
| 17:52 | Scout Tower |
| 17:52 | Scout Tower |
| 17:52 | Scout Tower |
| 17:53 | Scout Tower |
| 18:03 | Arcane Tower |
| 18:18 | Scout Tower |
| 18:18 | Scout Tower |
| 18:30 | Guard Tower |
| 18:46 | Guard Tower |
| 19:02 | Guard Tower |
| 19:17 | Guard Tower |
| 19:43 | Guard Tower |
| 19:52 | Guard Tower |
| 19:53 | Scout Tower |
| 19:54 | Scout Tower |
| 19:59 | Guard Tower |
| 19:59 | Guard Tower |
| 20:02 | Guard Tower |
| 20:04 | Scout Tower |
| 20:04 | Scout Tower |
| 20:05 | Scout Tower |
| 20:05 | Scout Tower |
| 20:09 | Guard Tower |
| 20:20 | Staff of Sanctuary |
| 20:29 | Guard Tower |
| 20:30 | Scout Tower |
| 20:31 | Scout Tower |
| 20:33 | Scout Tower |
| 20:33 | Scout Tower |
| 20:39 | Guard Tower |
| 20:43 | Orb of Lightning |
| 20:48 | Potion of Healing |
| 20:53 | Periapt of Vitality |
| 20:56 | Guard Tower |
| 20:59 | Arcane Tower |
| 21:01 | Arcane Tower |
| 21:02 | Arcane Tower |
| 21:18 | Advanced Masonry |
| 21:21 | Priest Adept Training |
| 21:22 | Sorceress Adept Training |
| 21:31 | Scout Tower |
| 21:32 | Scout Tower |
| 21:32 | Scout Tower |
| 21:32 | Scout Tower |
| 21:34 | Scout Tower |
| 21:35 | Scout Tower |
| 21:35 | Scout Tower |
| 21:35 | Scout Tower |
| 21:36 | Scout Tower |
| 21:36 | Scout Tower |
| 21:37 | Scout Tower |
| 21:38 | Scout Tower |
| 22:08 | Arcane Tower |
| 22:12 | Peasant |
| 22:18 | Arcane Tower |
| 22:18 | Guard Tower |
| 22:22 | Scout Tower |
| 22:39 | Divine Shield |
| 22:44 | Blizzard |
| 22:53 | Guard Tower |
| 22:56 | Scout Tower |
| 23:09 | Guard Tower |
| 23:12 | Scout Tower |
| 23:12 | Scout Tower |
| 23:13 | Scout Tower |
| 23:13 | Scout Tower |
| 23:14 | Scout Tower |
| 23:14 | Scout Tower |
| 23:21 | Scout Tower |
| 23:21 | Scout Tower |
| 23:22 | Scout Tower |
| 23:38 | Imbued Masonry |
| 24:22 | Guard Tower |
| 24:26 | Guard Tower |
| 24:53 | Guard Tower |
| 26:03 | Guard Tower |
| 26:06 | Scout Tower |
| 26:07 | Scout Tower |
| 26:08 | Scout Tower |
| 26:08 | Scout Tower |
| 26:17 | Storm Bolt |
| 26:28 | Scout Tower |
| 26:29 | Scout Tower |
| 26:44 | Scout Tower |
| 26:44 | Scout Tower |
| 26:44 | Scout Tower |
| 26:45 | Scout Tower |
| 26:45 | Guard Tower |
| 27:41 | Guard Tower |
| 27:42 | Scout Tower |
| 27:42 | Scout Tower |
| 27:43 | Scout Tower |
| 27:43 | Scout Tower |
| 27:44 | Scout Tower |
| 27:44 | Scout Tower |
| 27:45 | Scout Tower |
| 27:46 | Scout Tower |
| 27:46 | Scout Tower |
| 27:48 | Scout Tower |
| 27:48 | Scout Tower |
| 28:10 | Guard Tower |
| 28:15 | Guard Tower |
| 28:16 | Scout Tower |
| 28:17 | Scout Tower |
| 28:17 | Scout Tower |
| 28:18 | Scout Tower |
| 28:18 | Scout Tower |
| 28:19 | Scout Tower |
| 28:19 | Scout Tower |
| 28:19 | Scout Tower |
| 28:29 | Holy Light |
| 28:58 | Guard Tower |
| Right click | 2598 |
| Select | 676 |
| Select group | 466 |
| Build/train/purchase | 265 |
| Use ability | 101 |
| Misc. action | 15 |
| Assign group | 14 |
| Minimap ping | 14 |
| Chat | 14 |
| Item give/drop | 5 |
| Resource trade | 5 |
| Esc | 1 |
142 units @ 20.6k
/ 3.4k
66 buildings @ 9.4k
/ 3.9k


| Scroll of Regeneration | 2 | 200 |
| total: | 2 | 200g |
| Peasant | 22 | 1650 | / | 0 |
| Footman | 8 | 1080 | / | 0 |
| Priest | 5 | 675 | / | 50 |
| Sorceress | 5 | 775 | / | 100 |
| Knight | 6 | 1470 | / | 360 |
| Mortar Team | 4 | 720 | / | 280 |
| total: | 50 | 6370g | / | 790w |
| Scout Tower | 3 | 90 | / | 60 |
| Guard Tower | 3 | 210 | / | 150 |
| Altar of Kings | 1 | 180 | / | 50 |
| Farm | 12 | 960 | / | 240 |
| Barracks | 2 | 320 | / | 120 |
| Arcane Vault | 1 | 130 | / | 30 |
| Lumber Mill | 1 | 120 | / | 0 |
| Blacksmith | 1 | 140 | / | 60 |
| Town Hall | 1 | 385 | / | 205 |
| Arcane Sanctum | 2 | 300 | / | 280 |
| Workshop | 2 | 280 | / | 280 |
| Keep | 1 | 320 | / | 210 |
| Castle | 1 | 360 | / | 210 |
| total: | 26 | 2905g | / | 1325w |
| 0:04 | Peasant |
| 0:04 | Peasant |
| 0:04 | Peasant |
| 0:11 | Altar of Kings |
| 0:15 | Farm |
| 0:49 | Peasant |
| 0:49 | Peasant |
| 0:49 | Peasant |
| 0:50 | Peasant |
| 1:11 | Barracks |
| 1:30 | Peasant |
| 1:35 | Farm |
| 1:42 | Farm |
| 1:58 | Barracks |
| 2:22 | Arcane Vault |
| 2:28 | Holy Light |
| 2:30 | Footman |
| 2:31 | Footman |
| 3:04 | Footman |
| 3:32 | Peasant |
| 3:36 | Footman |
| 3:36 | Footman |
| 3:57 | Footman |
| 3:57 | Defend |
| 4:02 | Farm |
| 4:07 | Farm |
| 5:35 | Peasant |
| 5:35 | Peasant |
| 5:35 | Peasant |
| 5:37 | Footman |
| 6:12 | Peasant |
| 6:12 | Peasant |
| 6:12 | Peasant |
| 6:13 | Peasant |
| 6:21 | Footman |
| 6:30 | Lumber Mill |
| 6:42 | Blacksmith |
| 7:01 | Scout Tower |
| 7:04 | Scout Tower |
| 7:08 | Keep |
| 7:13 | Divine Shield |
| 7:28 | Scroll of Regeneration |
| 7:37 | Scroll of Regeneration |
| 7:44 | Farm |
| 7:48 | Farm |
| 7:49 | Farm |
| 7:54 | Guard Tower |
| 7:56 | Guard Tower |
| 8:07 | Scout Tower |
| 8:34 | Iron Forged Swords |
| 8:35 | Iron Plating |
| 8:36 | Guard Tower |
| 9:34 | Holy Light |
| 9:54 | Arcane Sanctum |
| 10:00 | Arcane Sanctum |
| 10:10 | Improved Lumber Harvesting |
| 10:11 | Peasant |
| 10:27 | Castle |
| 10:30 | Summon Water Elemental |
| 11:14 | Priest |
| 11:14 | Sorceress |
| 11:15 | Priest Adept Training |
| 11:15 | Sorceress Adept Training |
| 11:54 | Priest |
| 12:00 | Sorceress |
| 12:10 | Farm |
| 12:13 | Farm |
| 12:14 | Farm |
| 12:15 | Farm |
| 13:02 | Town Hall |
| 13:45 | Sorceress Master Training |
| 13:46 | Priest Master Training |
| 14:06 | Sorceress |
| 15:19 | Knight |
| 15:20 | Animal War Training |
| 15:20 | Sundering Blades |
| 16:06 | Knight |
| 17:00 | Peasant |
| 17:00 | Peasant |
| 17:01 | Peasant |
| 17:01 | Peasant |
| 17:18 | Priest |
| 17:32 | Steel Forged Swords |
| 17:33 | Steel Plating |
| 17:57 | Workshop |
| 18:00 | Workshop |
| 19:12 | Peasant |
| 19:56 | Mortar Team |
| 19:57 | Mortar Team |
| 19:58 | Fragmentation Shards |
| 19:59 | Flare |
| 20:47 | Knight |
| 20:51 | Sorceress |
| 20:52 | Priest |
| 20:59 | Black Gunpowder |
| 21:15 | Studded Leather Armor |
| 22:06 | Sorceress |
| 22:08 | Priest |
| 22:10 | Knight |
| 22:31 | Magic Sentry |
| 24:48 | Brilliance Aura |
| 25:34 | Divine Shield |
| 25:36 | Summon Water Elemental |
| 25:52 | Mortar Team |
| 26:32 | Knight |
| 27:44 | Knight |
| 28:34 | Mortar Team |
| Right click | 744 |
| Select | 408 |
| Select group | 368 |
| Build/train/purchase | 122 |
| Assign group | 30 |
| Use ability | 27 |
| Resource trade | 5 |
| Remove unit | 2 |
| Item give/drop | 1 |
| Minimap ping | 1 |

| Lesser Clarity Potion | 1 | 70 |
| total: | 1 | 70g |
| Wisp | 12 | 720 | / | 0 |
| Archer | 8 | 1040 | / | 80 |
| Huntress | 4 | 780 | / | 80 |
| Dryad | 13 | 1885 | / | 780 |
| Druid of the Claw | 6 | 1530 | / | 480 |
| total: | 43 | 5955g | / | 1420w |
| Altar of Elders | 1 | 180 | / | 50 |
| Moon Well | 8 | 1440 | / | 320 |
| Ancient of War | 1 | 150 | / | 60 |
| Hunter's Hall | 1 | 210 | / | 100 |
| Ancient of Wonders | 1 | 90 | / | 30 |
| Ancient of Lore | 3 | 465 | / | 435 |
| Tree of Ages | 1 | 320 | / | 180 |
| Tree of Eternity | 1 | 330 | / | 200 |
| total: | 15 | 2535g | / | 995w |
| 0:04 | Wisp |
| 0:07 | Altar of Elders |
| 0:10 | Wisp |
| 0:14 | Moon Well |
| 0:44 | Wisp |
| 0:44 | Wisp |
| 0:44 | Wisp |
| 1:26 | Ancient of War |
| 1:32 | Wisp |
| 1:39 | Moon Well |
| 1:44 | Wisp |
| 2:07 | Entangling Roots |
| 2:22 | Hunter's Hall |
| 2:28 | Archer |
| 2:36 | Ancient of Wonders |
| 2:49 | Archer |
| 2:50 | Archer |
| 2:57 | Archer |
| 3:00 | Archer |
| 3:14 | Moon Well |
| 4:00 | Huntress |
| 4:19 | Huntress |
| 4:25 | Tree of Ages |
| 4:40 | Moon Well |
| 4:44 | Lesser Clarity Potion |
| 5:14 | Force of Nature |
| 5:21 | Huntress |
| 5:26 | Moon Well |
| 5:51 | Archer |
| 5:52 | Archer |
| 5:53 | Archer |
| 5:59 | Huntress |
| 6:40 | Strength of the Wild |
| 6:41 | Reinforced Hides |
| 6:48 | Wisp |
| 7:04 | Ancient of Lore |
| 7:22 | Strength of the Moon |
| 7:57 | Entangling Roots |
| 8:06 | Wisp |
| 8:21 | Moon Well |
| 8:35 | Abolish Magic |
| 8:37 | Dryad |
| 8:41 | Moon Armor |
| 8:59 | Dryad |
| 9:25 | Moon Well |
| 9:53 | Ancient of Lore |
| 9:59 | Ancient of Lore |
| 10:04 | Improved Strength of the Wild |
| 10:06 | Improved Reinforced Hides |
| 10:13 | Wisp |
| 10:13 | Wisp |
| 10:36 | Dryad |
| 10:45 | Tree of Eternity |
| 11:42 | Dryad |
| 11:43 | Dryad |
| 11:45 | Dryad |
| 13:29 | Thorns Aura |
| 13:41 | Dryad |
| 13:43 | Advanced Strength of the Wild |
| 14:20 | Well Spring |
| 15:17 | Advanced Reinforced Hides |
| 16:14 | Dryad |
| 16:19 | Dryad |
| 17:12 | Dryad |
| 17:15 | Dryad |
| 17:44 | Druid of the Claw Adept Training |
| 19:40 | Druid of the Claw Master Training |
| 20:03 | Druid of the Claw |
| 20:06 | Druid of the Claw |
| 20:21 | Mark of the Claw |
| 20:22 | Druid of the Claw |
| 20:52 | Wisp |
| 20:59 | Druid of the Claw |
| 21:02 | Dryad |
| 21:18 | Moon Well |
| 21:32 | Dryad |
| 21:35 | Druid of the Claw |
| 21:57 | Druid of the Claw |
| Right click | 1449 |
| Select | 688 |
| Misc. action | 160 |
| Build/train/purchase | 126 |
| Esc | 113 |
| Resource trade | 48 |
| Use ability | 34 |
| Item give/drop | 1 |
| Minimap ping | 1 |


| Orb of Corruption | 1 | 375 |
| Scroll of Town Portal | 3 | 1050 |
| Scroll of Healing | 1 | 250 |
| total: | 5 | 1675g |
| Acolyte | 13 | 975 | / | 0 |
| Ghoul | 9 | 1080 | / | 0 |
| Crypt Fiend | 10 | 2150 | / | 400 |
| Obsidian Statue | 2 | 400 | / | 70 |
| Meat Wagon | 3 | 690 | / | 150 |
| Necromancer | 4 | 580 | / | 80 |
| Abomination | 2 | 480 | / | 140 |
| Frost Wyrm | 2 | 770 | / | 240 |
| Centaur Outrunner | 1 | 195 | / | 0 |
| Harpy Rogue | 1 | 215 | / | 20 |
| Razormane Medicine Man | 2 | 700 | / | 120 |
| total: | 49 | 8235g | / | 1220w |
| Nerubian Tower | 2 | 200 | / | 40 |
| Spirit Tower | 5 | 725 | / | 200 |
| Ziggurat | 14 | 2100 | / | 700 |
| Altar of Darkness | 1 | 180 | / | 50 |
| Crypt | 1 | 200 | / | 50 |
| Graveyard | 1 | 215 | / | 0 |
| Tomb of Relics | 1 | 130 | / | 30 |
| Necropolis | 2 | 450 | / | 0 |
| Slaughterhouse | 1 | 140 | / | 135 |
| Temple of the Damned | 2 | 310 | / | 280 |
| Sacrificial Pit | 1 | 75 | / | 150 |
| Boneyard | 1 | 175 | / | 200 |
| Halls of the Dead | 1 | 320 | / | 210 |
| Black Citadel | 1 | 325 | / | 230 |
| total: | 25 | 3975g | / | 1595w |
| 0:05 | Acolyte |
| 0:06 | Acolyte |
| 0:08 | Ziggurat |
| 0:10 | Altar of Darkness |
| 0:46 | Crypt |
| 1:12 | Ziggurat |
| 1:16 | Nerubian Tower |
| 1:46 | Graveyard |
| 1:50 | Ghoul |
| 2:06 | Nerubian Tower |
| 2:11 | Ziggurat |
| 2:16 | Death Coil |
| 2:31 | Ghoul |
| 2:31 | Ghoul |
| 3:04 | Ghoul |
| 3:48 | Crypt Fiend |
| 3:49 | Crypt Fiend |
| 4:33 | Crypt Fiend |
| 4:47 | Unholy Aura |
| 5:00 | Creature Carapace |
| 5:06 | Tomb of Relics |
| 5:16 | Ziggurat |
| 5:28 | Cannibalize |
| 5:29 | Ghoul |
| 5:41 | Ghoul |
| 5:42 | Ghoul |
| 6:29 | Ghoul |
| 6:31 | Halls of the Dead |
| 6:41 | Centaur Outrunner |
| 6:42 | Harpy Rogue |
| 7:23 | Razormane Medicine Man |
| 7:42 | Crypt Fiend |
| 7:46 | Spirit Tower |
| 8:21 | Unholy Armor |
| 8:23 | Creature Attack |
| 8:45 | Death Coil |
| 8:53 | Acolyte |
| 9:18 | Slaughterhouse |
| 9:22 | Temple of the Damned |
| 9:25 | Ziggurat |
| 9:29 | Web |
| 9:30 | Crypt Fiend |
| 9:54 | Spirit Tower |
| 10:07 | Ghoul |
| 10:40 | Razormane Medicine Man |
| 11:10 | Acolyte |
| 12:04 | Ziggurat |
| 12:06 | Ziggurat |
| 12:10 | Vampiric Aura |
| 12:20 | Scroll of Town Portal |
| 12:45 | Unholy Aura |
| 13:27 | Sleep |
| 13:40 | Obsidian Statue |
| 13:41 | Obsidian Statue |
| 13:44 | Black Citadel |
| 13:48 | Temple of the Damned |
| 14:38 | Meat Wagon |
| 16:27 | Necromancer |
| 16:27 | Necromancer |
| 16:34 | Sacrificial Pit |
| 16:39 | Necropolis |
| 17:23 | Scroll of Town Portal |
| 17:26 | Orb of Corruption |
| 17:27 | Scroll of Healing |
| 17:32 | Disease Cloud |
| 17:48 | Meat Wagon |
| 18:22 | Acolyte |
| 18:22 | Acolyte |
| 18:24 | Ziggurat |
| 18:26 | Ziggurat |
| 18:52 | Crypt Fiend |
| 18:52 | Crypt Fiend |
| 19:01 | Meat Wagon |
| 19:02 | Abomination |
| 20:39 | Acolyte |
| 20:39 | Acolyte |
| 20:39 | Acolyte |
| 20:39 | Acolyte |
| 20:40 | Acolyte |
| 20:42 | Spirit Tower |
| 20:52 | Boneyard |
| 20:55 | Spirit Tower |
| 21:16 | Crypt Fiend |
| 21:56 | Ziggurat |
| 21:59 | Ziggurat |
| 22:21 | Frost Wyrm |
| 22:29 | Necromancer |
| 22:54 | Scroll of Town Portal |
| 24:43 | Necropolis |
| 25:41 | Spirit Tower |
| 25:47 | Frost Wyrm |
| 25:53 | Necromancer |
| 26:52 | Crypt Fiend |
| 26:54 | Freezing Breath |
| 27:04 | Abomination |
| 27:45 | Acolyte |
| 27:45 | Acolyte |
| 27:48 | Ziggurat |
| 27:50 | Ziggurat |
| 27:51 | Ziggurat |
| 28:27 | Crypt Fiend |
| Right click | 1107 |
| Select | 520 |
| Build/train/purchase | 92 |
| Select group | 64 |
| Use ability | 45 |
| Resource trade | 19 |
| Assign group | 16 |
| Minimap ping | 5 |
| Remove unit | 3 |
| Item give/drop | 1 |
⇛